Map: King's Cove LE

Players

moooooooo

  • Race: Zerg Zerg
  • League: Grandmaster
  • Spawn Location: 11:00

Lambo - Winner!

  • Race: Zerg Zerg
  • League: Grandmaster
  • Spawn Location: 5:00

VOD

Have the link to the VOD?

Description

Time

  • Played on: Feb. 9, 2019, 5:52 a.m.
  • Length: 9:28
Show
View Real Time Build Order
Export as new Build Order

moooooooo Zerg 

Build Orders: Hatch First 

Get SALT Encoding   

  12  0:00  Drone  
  13  0:12  Overlord  
  13  0:17  Drone  
  14  0:31  Drone x2  
  16  0:48  Hatchery  
  15  0:51  Drone  
  15  0:55  Drone  
  17  1:00  Drone  
  18  1:09  Extractor  
  17  1:14  Spawning Pool  
  17  1:17  Drone  
  17  1:21  Drone  
  18  1:29  Drone  
  19  1:39  Drone  
  20  1:51  Drone  
  21  1:59  Overlord  
  21  2:01  Queen x2, Drone  
  26  2:10  Metabolic Boost  
  26  2:12  Drone  
  26  2:14  Drone  
  28  2:21  Drone  
  28  2:22  Drone  
  30  2:32  Drone  
  30  2:34  Drone  
  32  2:40  Hatchery  
  32  2:43  Drone x2  
  33  2:53  Overlord  
  33  2:54  Zergling x2  
  33  2:56  Baneling Nest  
  33  3:04  Zergling x2  
  34  3:07  Queen  
  34  3:12  Drone x4  
  40  3:15  Drone  
  40  3:17  Drone  
  42  3:24  Overlord  
  42  3:28  Zergling x2  
  42  3:29  Overlord  
  43  3:34  Drone  
  44  3:46  Drone x2  
  44  3:47  Evolution Chamber  
  44  3:48  Drone x5  
  50  3:52  Overlord  
  50  3:58  Overlord  
  50  4:03  Lair  
  50  4:07  Roach Warren  
  50  4:08  Drone x3  
  52  4:14  Zergling x4  
  53  4:19  Extractor, Zerg Missile Weapons Level 1  
  53  4:20  Extractor  
  53  4:21  Drone x4  
  53  4:22  Drone  
  56  4:25  Drone x2  
  56  4:27  Drone  
  56  4:29  Drone  
  60  4:31  Drone  
  60  4:33  Drone x2  
  60  4:37  Extractor  
  63  4:38  Drone  
  63  4:39  Drone  
  63  4:43  Drone  
  65  4:47  Drone  
  65  4:48  Drone  
  65  4:51  Drone x6  
  73  4:55  Extractor  
  73  4:56  Extractor, Drone x2  
  73  4:57  Overlord  
  73  5:03  Glial Reconstitution  
  73  5:06  Overlord  
  73  5:09  Overlord  
  73  5:10  Overlord  
  70  5:17  Drone x2  
  70  5:19  Overlord  
  70  5:20  Roach x3  
  78  5:28  Drone  
  78  5:34  Roach, Drone  
  78  5:35  Roach x4  
  89  5:36  Overlord  
  89  5:39  Hatchery  
  88  5:45  Roach x2  
  88  5:48  Overlord  
  99  6:04  Roach x11  
  99  6:11  Overlord  
  106  6:20  Hatchery  
  106  6:21  Drone x3  
  106  6:23  Hydralisk Den, Drone x3  
  106  6:25  Drone  
  111  6:31  Drone x4  
  115  6:36  Zerg Missile Weapons Level 2, Overlord  
  111  7:04  Grooved Spines, Lurker Den  
  111  7:05  Roach x14  
  136  7:09  Overlord  
  136  7:15  Hydralisk x2  
  136  7:18  Overlord  
  136  7:20  Extractor, Overlord  
  139  7:23  Hydralisk x4, Extractor  
  146  7:38  Drone  
  146  7:42  Hydralisk x4  
  155  7:48  Overlord  
  155  7:49  Roach x6  
  155  7:51  Ravager x5  
  169  7:55  Roach x2  
  176  8:03  Overlord  
  176  8:04  Overlord  
  176  8:10  Roach x4  
  184  8:19  Roach x6  
  178  8:34  Roach x4  
  173  8:41  Roach x4  
  173  8:44  Drone x2  
  154  8:50  Roach x2  
  142  9:03  Drone x3  
  142  9:04  Roach x2  
  142  9:05  Roach x2  
Show
View Real Time Build Order
Export as new Build Order

Lambo Zerg - Winner!

Build Orders: Hatch First 

Get SALT Encoding   

  12  0:01  Drone  
  13  0:13  Overlord  
  13  0:18  Drone  
  14  0:32  Drone x2  
  16  0:49  Hatchery  
  15  0:52  Drone  
  15  0:56  Drone  
  17  0:59  Drone  
  18  1:10  Extractor  
  17  1:15  Spawning Pool  
  17  1:18  Drone  
  17  1:21  Drone  
  18  1:29  Drone  
  19  1:40  Drone  
  20  1:56  Overlord  
  20  2:01  Queen x2  
  20  2:02  Drone x2  
  26  2:11  Metabolic Boost  
  26  2:14  Drone x2  
  28  2:25  Zergling x2, Drone  
  30  2:38  Hatchery  
  30  2:40  Drone  
  30  2:44  Drone  
  30  2:45  Drone  
  30  2:47  Drone  
  33  2:54  Baneling Nest  
  33  2:55  Overlord  
  32  2:59  Drone  
  33  3:06  Zergling x4  
  33  3:10  Drone  
  36  3:17  Drone x3  
  36  3:18  Overlord  
  39  3:21  Drone x2  
  41  3:30  Queen  
  41  3:32  Drone  
  41  3:33  Evolution Chamber  
  43  3:35  Drone  
  43  3:38  Drone  
  43  3:41  Drone x2  
  47  3:45  Drone x2  
  47  3:46  Zergling x2  
  51  3:48  Zergling x2  
  51  3:54  Overlord  
  51  3:55  Extractor, Drone  
  52  3:56  Drone  
  52  3:57  Extractor  
  52  4:01  Drone x2  
  53  4:05  Drone  
  53  4:08  Drone  
  54  4:10  Zerg Missile Weapons Level 1  
  54  4:14  Drone x3  
  57  4:17  Drone x3  
  57  4:21  Drone x2  
  62  4:26  Overlord  
  62  4:27  Drone  
  62  4:29  Lair  
  63  4:31  Overlord  
  63  4:38  Drone, Roach Warren  
  63  4:40  Drone  
  63  4:41  Drone  
  63  4:42  Drone  
  63  4:44  Drone  
  67  4:48  Pneumatized Carapace  
  67  4:50  Drone x2  
  67  4:52  Baneling  
  68  4:53  Baneling  
  68  4:54  Zergling x6  
  68  4:58  Extractor  
  68  4:59  Drone x3  
  73  5:00  Drone  
  73  5:02  Extractor  
  73  5:04  Extractor  
  70  5:15  Drone x8  
  70  5:20  Drone  
  79  5:23  Baneling x2  
  79  5:27  Hatchery  
  78  5:30  Glial Reconstitution  
  78  5:31  Overseer  
  78  5:32  Overlord x2  
  78  5:33  Overlord  
  78  5:39  Roach, Evolution Chamber  
  79  5:44  Roach  
  79  5:49  Overlord  
  80  5:51  Overlord  
  80  5:53  Overlord  
  80  5:55  Overlord  
  80  5:59  Overlord  
  80  6:01  Roach x6  
  96  6:11  Roach x5  
  96  6:13  Zerg Missile Weapons Level 2  
  96  6:17  Zerg Ground Armor Level 1  
  98  6:18  Roach  
  98  6:22  Overlord  
  102  6:25  Roach  
  102  6:26  Roach x2  
  102  6:28  Roach  
  102  6:31  Roach x2  
  114  6:32  Roach  
  114  6:34  Roach  
  114  6:39  Roach x2  
  120  6:40  Roach  
  120  6:46  Roach x4  
  122  6:50  Roach x2  
  122  6:52  Roach  
  122  6:53  Roach  
  130  6:58  Roach x2  
  130  6:59  Roach  
  136  7:04  Roach x2  
  136  7:05  Roach x2  
  144  7:09  Roach x3  
  144  7:14  Queen  
  152  7:17  Drone x3  
  152  7:19  Ravager x4  
  159  7:24  Overlord  
  159  7:25  Overlord  
  159  7:26  Overlord  
  159  7:28  Tunneling Claws  
  159  7:31  Burrow  
  159  7:41  Overlord, Hydralisk Den  
  158  7:45  Ravager x3  
  158  7:51  Drone x4  
  165  7:52  Extractor  
  165  7:53  Roach  
  165  7:54  Roach x4  
  165  7:55  Ravager x2  
  176  8:01  Overlord  
  176  8:03  Overlord x2  
  176  8:05  Overlord  
  176  8:10  Overlord  
  176  8:11  Overseer, Overlord  
  176  8:17  Roach x3  
  172  8:21  Roach x7  
  172  8:25  Roach  
  172  8:26  Roach  
  186  8:32  Roach x5  
  186  8:35  Roach x2  
  186  8:37  Roach  
  186  8:40  Roach x2  
  192  8:43  Roach x2  
  192  8:46  Roach  
  192  8:47  Roach  
  194  8:50  Roach x2  
  194  8:54  Roach  
  194  8:55  Roach x5  
  196  8:57  Roach x2  
  196  8:59  Roach  
  196  9:05  Roach x2  
  196  9:07  Roach  
  196  9:08  Roach x2  
Tags
 
Add a new tag
Caveats
  • Supply blocks, unpowered buildings, or Contaminate may cause inaccurate times.
  • Supply counts are checked every 10 seconds.